 Dungeon Crawl Stone Soup version 0.31-a0-986-g5e6e4ef867 (webtiles) character file.

Game seed: 14357146539128747420

3208 gelatine the Cleaver (level 9, -1/154 HPs)
             Began as a Demonspawn Fighter on Nov 15, 2023.
             Slain by a killer bee (4 damage)
             ... on level 7 of the Dungeon.
             The game lasted 00:15:41 (6505 turns).

gelatine the Cleaver (Demonspawn Fighter)           Turns: 6505, Time: 00:15:41

Health: -1/154     AC: 24    Str: 25 (26) XL:     9   Next: 65%
Magic:  9/9        EV:  2    Int: 12 (14) God:
Gold:   294        SH:  5    Dex: 11      Spells: 8/8 levels left

rFire   . . .        a - +0 war axe
rCold   . . .        c - +0 buckler
rNeg    . . .        D - melded +0 steam dragon scales
rPois   +            (helmet currently unavailable)
rElec   .            F - melded +0 cloak
rCorr   .            p - melded +1 Delatra's gloves {ID++}
SInv    +            (boots currently unavailable)
Will    .....        w - amulet of the acrobat Stlth
                     g - ring of see invisible
HPRegen 0.45/turn    B - +6 ring of strength
MPRegen 0.11/turn

%: acrobat
@: berserking (expiring), tree-form (expiring), weak-willed, very quick
A: stationary, stasis, torment immunity, boosted hp, (hooves 2), demonic
guardian 3, clever 1, (cold vulnerability 1)
a: no special abilities


You were on level 7 of the Dungeon.
You were a tree.
You visited 1 branch of the dungeon, and saw 7 of its levels.
You also visited: Sewer.

You collected 294 gold pieces.

Inventory:

Hand Weapons
 a - a +0 war axe (weapon)
 y - the +1 dagger of Uschyter {freeze, rF+ Dex+5 SInv}
   (You found it on level 4 of the Dungeon)

   Dex+5:     It affects your dexterity (+5).
   rF+:       It protects you from fire.
   SInv:      It lets you see invisible.
Missiles
 l - 10 boomerangs (quivered)
 u - 19 poisoned darts
Armour
 c - a +0 buckler (worn)
 p - the +1 Delatra's gloves (melded) {ID++}
   (You found it on level 2 of the Dungeon)

   ID++:      It heals its wearer when they drink unknown potions, and restores
   their MP when they read unknown scrolls.
 D - +0 steam dragon scales (melded)
 F - a +0 cloak (melded)
Jewellery
 g - a ring of see invisible (left branch)
 t - a ring of resist corrosion
 w - an amulet of the acrobat (around neck)
 B - a +6 ring of strength (right branch)
Wands
 x - a wand of mindburst (19)
Scrolls
 b - 2 scrolls of acquirement {unknown}
 e - 4 scrolls of vulnerability
 f - 2 scrolls of fog {unknown}
 j - 2 scrolls of enchant armour {unknown}
 k - 2 scrolls of teleportation {unknown}
 m - 5 scrolls of identify {unknown}
 q - a scroll of brand weapon {unknown}
 r - a scroll of blinking {unknown}
 s - a scroll of enchant weapon {unknown}
 z - 4 scrolls of revelation {unknown}
 A - 2 scrolls of immolation {unknown}
 G - a scroll of silence {unknown}
 J - a scroll of summoning {unknown}
 K - a scroll of torment {unknown}
Potions
 d - a potion of might
 i - a potion of degeneration
 n - a potion of attraction {unknown}
 o - a potion of mutation
 v - 2 potions of heal wounds
 C - a potion of invisibility {unknown}
 E - a potion of haste {unknown}
 H - a potion of cancellation {unknown}
 I - a potion of magic


   Skills:
 + Level 5.7 Fighting
 + Level 8.0 Axes
 + Level 4.3 Throwing
 + Level 4.9 Armour
 + Level 3.7 Dodging
 + Level 2.3 Stealth
 + Level 4.6 Shields


You had 8 spell levels left.
You didn't know any spells.
Your spell library was empty.

Dungeon Overview and Level Annotations

Branches:
Dungeon (7/15)             Temple (0/1) D:5           Sewer (visited)

Altars:
Ashenzari
Cheibriados
Dithmenos
Makhleb
Xom
Yredelemnul


Innate Abilities, Weirdness & Mutations

You are a tree.
Your roots penetrate the ground, keeping you stationary.
You cannot be teleported.
You are immune to unholy pain and torment.
Your maximum health is greatly increased.
Your equipment is partially melded.
((You have hoof-like feet.))
A powerful demonic guardian rushes to your aid.
Your mind is acute. (Int +4, Str/Dex -1)
((You are vulnerable to cold. (rC-)))


Message History

The killer bee stings you but does no damage.
Unknown command.
You barely miss the wyvern.
The wyvern is severely wounded.
You miss the killer bee.
You feel sick.
The killer bee stings you but does no damage.
The wyvern bites you but does no damage.
Unknown command.
You slice the killer bee!!
You kill the killer bee!
You closely miss the wyvern.
You feel sick.
The wyvern bites you but does no damage.
The killer bee stings you but does no damage.
Unknown command.
You barely miss the wyvern.
The wyvern is severely wounded.
You miss the killer bee.
You feel sick. You block the killer bee's attack.
The wyvern bites you but does no damage.
The wyvern bites you.
* * * LOW HITPOINT WARNING * * *
The killer bee stings you but does no damage.
You slash the wyvern!
You kill the wyvern!
You barely miss the killer bee. You block the killer bee's attack.
You feel your strength returning.
Your Axes skill increases to level 8!
Unknown command.
You miss the killer bee.
You feel sick.
You are no longer poisoned.
The killer bee stings you but does no damage.
Unknown command.
You are too berserk!
You are too berserk!
You slice the killer bee!!
You kill the killer bee!
You closely miss the orc.
The killer bee stings you but does no damage.
The orc hits you but does no damage.
You miss the killer bee. You hit the orc. The killer bee stings you.
You die...

#.. .. ... .... ..
#y. ##.##.# #.y.#.#
#.....# #...#.#
#.#.#####.#...
#...5y♣ooo....
#..#######.... #..#
. #..# #..# #####..#
#......# ...
##.###<.#######.....
#..[............>...


You could see a killer bee (weak-willed), an orc priest (weak-willed), a white
imp and 2 orcs.

Vanquished Creatures
  Prince Ribbit (D:6)
  Sigmund (D:2)
  2 wyverns (D:7)
  A steam dragon (D:5)
  Menkaure (D:4)
  3 water moccasins
  Pargi (Sewer)
  An orc warrior (D:6)
  A black bear (D:6)
  A sky beast (D:6)
  3 ogres
  2 centaurs (D:6)
  A phantom (D:7)
  2 scorpions
  5 killer bees (D:7)
  4 hounds
  2 orc priests (D:7)
  Jessica (D:2)
  6 orc wizards
  A mummy (D:3)
  7 adders
  6 gnolls
  A river rat (D:6)
  A white imp (D:6)
  4 ufetubi
  A worm (D:3)
  A dart slug (D:4)
  17 orcs
  6 bats
  3 endoplasms
  6 giant cockroaches
  5 goblins
  10 hobgoblins
  10 jackals
  A quokka (D:5)
  5 ball pythons
  10 frilled lizards
  6 kobolds
  8 rats
148 creatures vanquished.

Vanquished Creatures (collateral kills)
  An ogre (D:5)
  A jelly (D:5)
  An orc priest (D:5)
  An iguana (D:6)
  2 adders
  An orc (D:5)
  A kobold (D:3)
  A goblin (D:3)
9 creatures vanquished.

Vanquished Creatures (others)
  2 gnolls (D:5)
  A jackal (D:5)
3 creatures vanquished.

Grand Total: 160 creatures vanquished

Notes
Turn   | Place    | Note
-------+----------+-------------------------------------------
     0 | D:1      | gelatine the Demonspawn Fighter began the quest for the
                  | Orb.
     0 | D:1      | Reached XP level 1. HP: 18/18 MP: 1/1
   207 | D:1      | Gained mutation: A weak demonic guardian rushes to your
                  | aid. [demonic ancestry]
   207 | D:1      | Reached XP level 2. HP: 24/24 MP: 2/2
   352 | D:1      | Reached skill level 2 in Axes
   825 | D:2      | Reached XP level 3. HP: 29/29 MP: 3/3
   944 | D:2      | Noticed Sigmund
  1299 | D:2      | Gained mutation: You have large cloven feet. [demonic
                  | ancestry]
  1299 | D:2      | Reached XP level 4. HP: 35/35 MP: 4/4
  1522 | D:2      | Killed Sigmund
  1523 | D:2      | Reached skill level 3 in Axes
  1523 | D:2      | Reached skill level 1 in Dodging
  1523 | D:2      | Gained mutation: You have hoof-like feet. [demonic
                  | ancestry]
  1523 | D:2      | Reached XP level 5. HP: 26/42 MP: 5/5
  1865 | D:2      | Found the +1 Delatra's gloves {ID++}
  1866 | D:2      | Noticed Jessica
  1876 | D:2      | Killed Jessica
  1878 | D:2      | Reached XP level 6. HP: 31/48 MP: 6/6
  2110 | D:3      | Reached skill level 4 in Axes
  2156 | D:3      | Found a shadowy altar of Dithmenos.
  2265 | D:3      | Found a faded altar of an unknown god.
  2744 | D:3      | Found a snail-covered altar of Cheibriados.
  2888 | D:4      | Found a broken altar of Ashenzari.
  2931 | D:4      | Found a burning altar of Makhleb.
  2931 | D:4      | Found a basalt altar of Yredelemnul.
  2931 | D:4      | Noticed Menkaure
  2938 | D:4      | Killed Menkaure
  2939 | D:4      | Reached skill level 1 in Throwing
  2939 | D:4      | Gained mutation: A demonic guardian rushes to your aid.
                  | [demonic ancestry]
  2939 | D:4      | Reached XP level 7. HP: 21/54 MP: 7/7
  3070 | D:4      | Identified the +1 dagger of Uschyter {freeze, rF+ Dex+5
                  | SInv}
  3775 | D:5      | Entered Level 5 of the Dungeon
  3788 | D:5      | Reached skill level 5 in Axes
  3834 | D:5      | Found a staircase to the Ecumenical Temple.
  3852 | D:5      | HP: 1/54 [orc priest/nerve-wracking pain (8)]
  3993 | D:5      | Reached skill level 1 in Stealth
  4005 | D:5      | Noticed a steam dragon
  4171 | D:5      | Killed a steam dragon
  4172 | D:5      | Reached XP level 8. HP: 51/61 MP: 8/8
  4362 | D:5      | Reached skill level 6 in Axes
  4997 | D:6      | Found a glowing drain.
  5013 | Sewer    | Entered a sewer
  5031 | Sewer    | Noticed Pargi
  5048 | Sewer    | Killed Pargi
  5231 | D:6      | Found a shimmering altar of Xom.
  5236 | D:6      | Noticed Prince Ribbit
  5254 | D:6      | Killed Prince Ribbit
  5386 | D:6      | Reached skill level 5 in Fighting
  5416 | D:6      | Gained mutation: A powerful demonic guardian rushes to your
                  | aid. [demonic ancestry]
  5416 | D:6      | Reached XP level 9. HP: 68/68 MP: 9/9
  5449 | D:6      | Reached skill level 7 in Axes
  6477 | D:7      | Gained mutation: Your mind is acute. (Int +4, Str/Dex -1)
                  | [potion of mutation]
  6477 | D:7      | Gained mutation: You are vulnerable to cold. (rC-) [potion
                  | of mutation]
  6499 | D:7      | HP: 7/153 [poisoned by a killer bee]
  6501 | D:7      | HP: 3/154 [wyvern (3)]
  6503 | D:7      | Reached skill level 8 in Axes
  6505 | D:7      | Slain by a killer bee

Illustrated notes

Levels and vault maps discovered:
D:1:      amcnicky_arrival_single_pillar, layout_basic, interstate_on_off
D:2:      layout_loops_corners, pf_guarded_unrand_delatra, uniq_sigmund,
          uniq_jessica
D:3:      layout_basic, chei_slow_surprise, nicolae_dithmenos_the_darkroom,
          hellmonk_ecumenical_altar_leap_of_faith
D:4:      layout_loops_ring, chequers_temple_overflow_statue_of_worship,
          uniq_menkaure
D:5:      layout_loops_ring, temple_fountains
D:6:      layout_basic, mainiacjoe_overflow_24_doors,
          cheibrodos_sewer_entry_sluice, roderic_filled_cross, billiards_dpeg,
          uniq_prince_ribbit1
D:7:      layout_loops_ring, nicolae_specific_store,
          hangedman_abyss_or_decor_stabs

Skill      XL: |  1  2  3  4  5  6  7  8  9 |
---------------+----------------------------+-----
Axes           | 2 3 4 5 6 8 |  8.0
Shields        | 3 4 |  4.6
Armour         | 3 4 |  4.9
Dodging        | 1 2 3 |  3.7
Fighting       | 4 5 |  5.7
Throwing       | 1 3 4 |  4.3
Stealth        | 1 2 |  2.3

Action                     |  1- 3 |  4- 6 |  7- 9 || total
---------------------------+-------+-------+-------++-------
  Melee: War axe           |   112 |    96 |   233 ||   441
         Kick              |       |    17 |    51 ||    68
  Throw: Stone             |     1 |       |       ||     1
         Boomerang         |       |    20 |    58 ||    78
    Use: Potion            |       |       |     7 ||     7
         Scroll            |       |       |     1 ||     1
   Stab: Sleeping          |       |       |     1 ||     1
 Armour: Scale mail        |    88 |    69 |    46 ||   203
         Steam dragon scal |       |       |   107 ||   107
         Skin              |       |       |    45 ||    45
  Dodge: Dodged            |    47 |    43 |   165 ||   255
  Block: Buckler           |    29 |    16 |    76 ||   121

Table legend: (Time is in decaauts)
 A = Elapsed time spent in this place.
 B = Non-inter-level travel time spent in this place.
 C = Inter-level travel time spent in this place.
 D = Time resting spent in this place.
 E = Time spent auto-exploring this place.
 F = Levels seen in this place.
 G = Mean time per level.
                   A        B        C        D        E       F      G
               +--------+--------+--------+--------+--------+-----+--------+
         Total |   6681 |   6374 |    307 |     12 |   4881 |   8 |  835.1 |
       Dungeon |   6448 |   6141 |    307 |     12 |   4741 |   7 |  921.1 |
         Sewer |    233 |    233 |      0 |      0 |    139 |   1 |  233.0 |
               +--------+--------+--------+--------+--------+-----+--------+

Top non-repeatable levels by time:
     D:6: 1261 daAuts
     D:2: 1189 daAuts
     D:4: 1024 daAuts
     D:5: 972 daAuts
     D:1: 936 daAuts
     D:3: 839 daAuts
   Sewer: 233 daAuts
     D:7: 224 daAuts
